 Dungeon Crawl Stone Soup version 0.31-a0-177-g4aa6249778 (webtiles) character file.

Game seed: 3975526306885137208

7191 Kaliban the Thaumaturge (level 10, -3/53 HPs)
             Began as a Deep Elf Conjurer on June 18, 2023.
             Was an Initiate of Gozag.
             Slain by an orc warlord
             ... wielding a +7 battleaxe
              (25 damage)
             ... in a bailey.
             The game lasted 00:57:32 (11088 turns).

Kaliban the Thaumaturge (Deep Elf Conjurer)        Turns: 11088, Time: 00:57:33

Health: -3/53      AC:  9    Str:  4    XL:     10   Next: 87%
Magic:  32/36      EV: 29    Int: 32    God:    Gozag
Gold:   1891       SH:  0    Dex: 15    Spells: 14/32 levels left

rFire   . . .        D - +3 scimitar
rCold   + . .        (no shield)
rNeg    . . .        t - +2 leather armour {rC+}
rPois   .            C - +0 helmet
rElec   .            (no cloak)
rCorr   .            h - +0 pair of gloves
SInv    .            j - +0 pair of boots
Will    +....        w - amulet of the acrobat
Stlth   +++          p - ring of magical power
HPRegen 0.28/turn    M - +6 ring of intelligence
MPRegen 0.25/turn

%: acrobat
@: gold aura, acrobatic
A: no striking features
a: Renounce Religion, Potion Petition, Call Merchant, Bribe Branch


You were in a bailey.
You worshipped Gozag.
Gozag was most pleased with you.
You visited 2 branches of the dungeon, and saw 11 of its levels.
You also visited: Ossuary and Bailey.

You collected 2146 gold pieces.
You spent 255 gold pieces at shops.

Inventory:

Hand Weapons
 A - a +0 rapier
 D - a +3 scimitar (weapon)
 I - a +5 dagger
Missiles
 r - 6 poisoned darts
 y - 12 javelins
Armour
 h - a +0 pair of gloves (worn)
 j - a +0 pair of boots (worn)
 t - a +2 leather armour of cold resistance (worn)
 C - a +0 helmet (worn)
Jewellery
 a - a ring of protection from cold
 i - a ring of ice
 l - a ring of poison resistance
 p - a ring of magical power (left hand)
 w - an amulet of the acrobat (around neck)
 x - a ring of protection from fire
 M - a +6 ring of intelligence (right hand)
Wands
 d - a wand of charming (14)
 o - a wand of roots (13)
 q - a wand of digging (7)
 F - a wand of flame (12)
 J - a wand of quicksilver (9)
Scrolls
 c - 2 scrolls of amnesia
 m - a scroll of poison {unknown}
 n - 3 scrolls of blinking
 z - a scroll of immolation {unknown}
 G - 2 scrolls of teleportation
 H - 3 scrolls of revelation {unknown}
 K - a scroll of vulnerability
 L - 2 scrolls of identify
 P - a scroll of enchant armour {unknown}
 Q - a scroll of fear
 R - a scroll of fog
 S - a scroll of butterflies {unknown}
Potions
 b - 4 potions of magic
 e - a potion of attraction {unknown}
 f - 4 potions of curing
 g - 2 potions of resistance
 k - 4 potions of enlightenment
 s - a potion of cancellation {unknown}
 u - a potion of haste
 v - 3 potions of heal wounds
 B - a potion of mutation {unknown}
 E - 2 potions of berserk rage
 N - a potion of brilliance {unknown}
Miscellaneous
 O - a phantom mirror (inert)


   Skills:
 + Level 2.1 Fighting
 + Level 1.2(3.1) Short Blades
 + Level 4.1(4.2) Long Blades
 + Level 4.1 Armour
 + Level 7.1 Dodging
 + Level 6.3 Stealth
 + Level 11.5 Spellcasting
 + Level 11.1 Conjurations
 + Level 2.4 Hexes
 + Level 1.8 Translocations
 + Level 0.5 Fire Magic
 + Level 0.2 Evocations


You had 14 spell levels left.
You knew the following spells:

 Your Spells              Type           Power      Damage    Failure   Level
a - Magic Dart            Conj           100%       1d8       1%          1
b - Searing Ray           Conj           100%       2d8       1%          2
c - Iskenderun's Mystic   Conj/Tloc      56%        2d12      3%          4
d - Inner Flame           Hex/Fire       28%        N/A       7%          3
e - Fulminant Prism       Conj/Hex       29%        3d13      2%          4
f - Dazzling Flash        Conj/Hex       100%       N/A       1%          3
g - Slow                  Hex            100%       N/A       1%          1

Your spell library contained the following spells:

 Spells                   Type           Power      Damage    Failure   Level
 Apportation              Tloc           60%        N/A       1%          1
 Beastly Appendage        Tmut           36%        N/A       4%          1
 Necrotise                Necr           72%        1d7       4%          1
 Summon Small Mammal      Summ           72%        N/A       4%          1
 Cigotuvi's Dreadful Rot  Necr/Pois/Air  36%        N/A       7%          2
 Sublimation of Blood     Necr           18%        N/A       7%          2
 Wereblood                Tmut           18%        N/A       7%          2
 Ignite Poison            Fire/Tmut/Pois 19%        N/A       12%         3
 Spider Form              Tmut/Pois      18%        N/A       13%         3
 Freezing Cloud           Conj/Ice/Air   21%        6-21      26%         5
 Summon Lightning Spire   Summ/Air       18%        N/A       41%         4
 Summon Hydra             Summ           9%         N/A       100%        7


Dungeon Overview and Level Annotations

Branches:
Dungeon (10/15)            Temple (1/1) D:4         Ossuary (visited)
 Bailey (1/1)
   Lair: D:8-11         Orc: D:9-12

Altars:
Dithmenos
Elyvilon
Gozag
Hepliaklqana
Kikubaaqudgha
Makhleb
Okawaru
Sif Muna
Uskayaw
Vehumet
Wu Jian
Yredelemnul
Zin

Shops:
D:1 :   D:3 *   D:7 (   D:9 *

Annotations:
D:5 2 transporters, dohlik's ghost, novice TrBe
D:9 2 transporters, discopopstar's ghost, novice FeSu


Message History

There is an open door here.
You enter the shallow water.
Moving in this stuff is going to be slow.
There is an open door here.
There is an open door here.
There is an open door here.
Could not explore, unopened runed door.
You open the gate.
Aiming: Phantom Mirror
Press: ? - help, Q - select action, (/) - cycle Dir - move target, f - orc warlord
Aim: an orc warlord, wielding a +7 battleaxe and wearing a +0 plate armour You reflect the orc warlord with the mirror!
The mirror clouds!
Your orc warlord hits the hobgoblin with a +7 battleaxe!
The hobgoblin dies!
Your orc warlord hits the orc warlord with a +7 battleaxe!
The orc warlord hits you with a +7 battleaxe.
The orc warlord hits your orc warlord with a +7 battleaxe!
Casting: Magic Dart (safe; 1% risk of failure)
Confirm with . or Enter, or press ? or * to list all spells.
Aiming: Searing Ray (safe; 1% risk of failure)
Press: ? - help, Shift-Dir - straight line, f/p - orc warlord
Aim: an orc warlord, wielding a +7 battleaxe and wearing a +0 plate armour (lightly wounded, ally target, 90% to hit)
The searing ray hits the orc warlord!
The orc warlord is moderately wounded. (Press . to maintain the ray.)
Your orc warlord hits the orc warlord with a +7 battleaxe.
The orc warlord hits you with a +7 battleaxe!!
Ouch! That really hurt!
The orc warlord hits your orc warlord with a +7 battleaxe!!
The searing ray misses the orc warlord.
Your orc warlord hits the orc warlord with a +7 battleaxe!
The orc warlord barely misses you.
The orc warlord hits your orc warlord with a +7 battleaxe!
The searing ray hits the orc warlord but does no damage.
The orc warlord is moderately wounded.
Your orc warlord hits the orc warlord with a +7 battleaxe.
The orc warlord hits you with a +7 battleaxe!!
You die...
Your body crumbles into a pile of gold.

.....#~)~~~#...8..8..##
.....#~~~~~#..........#
8....)))(..(..........#
...#########......8...#
..##~~~#~~~####......##
..#~:.....~#~~#....(##
..#~?........~#....##
..##8.8...8.8~##...#
...#.........~~o@..#
...#....∩....~o$...#
...#.........~~'...#
..##8.8...8.8~##...#
..#~!........~#....##
..#~).....~#~~#.....##
..##~~~#~~~####......##
...#########......8...#
8....'.....'..........#


You could see an orc warlord (ally target) and a friendly orc warlord (summoned,
drained).

Vanquished Creatures
  A two-headed ogre (D:9)
  A gargoyle (D:9)
  A hornet (D:9)
  Prince Ribbit (D:5)
  2 wyverns
  A shadow (D:9)
  Eustachio (D:5)
  2 wraiths (Ossuary)
  6 yaks (D:9)
  Menkaure (D:5)
  2 water moccasins
  The ghost of FlatIsJustice the Digger, an amateur DEEE (D:4)
  A black bear (D:7)
  2 sky beasts
  5 orc warriors
  An ice beast (D:5)
  The ghost of sastreii the Shooter, an amateur DrHu (D:3)
  3 centaurs
  2 phantoms (D:4)
  4 scorpions
  2 bullfrogs (D:8)
  12 wights
  8 killer bees
  A howler monkey (D:4)
  A crimson imp (D:4)
  3 jellies
  3 hounds
  6 orc priests
  4 sleepcaps
  8 iguanas
  3 orc wizards
  8 gnolls
  11 adders
  A shadow imp (D:4)
  2 white imps
  2 ufetubi (D:7)
  An adder zombie (Ossuary)
  2 dart slugs
  22 orcs
  8 endoplasms
  5 giant cockroaches
  8 goblins
  10 hobgoblins
  7 jackals
  6 quokkas
  6 ball pythons
  2 bats (D:1)
  5 frilled lizards
  2 hobgoblin skeletons (Ossuary)
  13 kobolds
  A kobold zombie (Ossuary)
  2 orc skeletons (Ossuary)
  An orc zombie (Ossuary)
  5 rats
220 creatures vanquished.

Vanquished Creatures (collateral kills)
  A hobgoblin (Bailey)
1 creature vanquished.

Vanquished Creatures (others)
  A human (D:5)
1 creature vanquished.

Grand Total: 222 creatures vanquished

Notes
Turn   | Place    | Note
-------+----------+-------------------------------------------
     0 | D:1      | Kaliban the Deep Elf Conjurer began the quest for the Orb.
     0 | D:1      | Reached XP level 1. HP: 10/10 MP: 6/6
   313 | D:1      | Got Jacouse's Disquisition on Cunning Accompaniment
   323 | D:1      | Reached XP level 2. HP: 15/15 MP: 5/8
   409 | D:1      | Found a faded altar of an unknown god.
   419 | D:1      | Prayed at the altar of an unknown god.
   419 | D:1      | Became a worshipper of Gozag Ym Sagoz the Greedy
   650 | D:1      | Found Ediaboa's Book Emporium.
   652 | D:1      | Reached skill level 5 in Conjurations
  1040 | D:1      | Learned a level 2 spell: Searing Ray
  1140 | D:2      | Reached XP level 3. HP: 19/19 MP: 3/9
  1461 | D:2      | Noticed a scorpion
  1465 | D:2      | Killed a scorpion
  1466 | D:2      | Reached XP level 4. HP: 24/24 MP: 3/12
  1755 | D:2      | Reached XP level 5. HP: 28/28 MP: 6/13
  1818 | D:2      | Learned a level 4 spell: Iskenderun's Mystic Blast
  1822 | D:2      | Learned a level 3 spell: Inner Flame
  2550 | D:3      | Found Kegeetot's General Store.
  2558 | D:3      | Bought a scroll of identify for 20 gold pieces
  2560 | D:3      | Bought a +0 pair of gloves for 45 gold pieces
  2560 | D:3      | Bought a +2 leather armour of cold resistance for 190 gold
                  | pieces
  2896 | D:3      | Found a runed translucent door.
  2897 | D:3      | Noticed sastreii's ghost (amateur DrHu)
  2914 | D:3      | Killed sastreii's ghost
  2915 | D:3      | Reached skill level 5 in Spellcasting
  3287 | D:3      | Found an iron altar of Okawaru.
  3292 | D:3      | Reached XP level 6. HP: 32/32 MP: 15/15
  3459 | D:4      | Found a runed translucent gate.
  3460 | D:4      | Found a runed translucent gate.
  3460 | D:4      | Found a runed translucent gate.
  3465 | D:4      | Noticed FlatIsJustice's ghost (amateur DEEE)
  3576 | D:4      | Reached XP level 7. HP: 35/36 MP: 18/18
  3583 | D:4      | Learned a level 4 spell: Fulminant Prism
  3587 | D:4      | Learned a level 3 spell: Dazzling Flash
  3862 | D:4      | Reached skill level 1 in Armour
  4138 | D:4      | Found a staircase to the Ecumenical Temple.
  4155 | Temple   | Entered the Ecumenical Temple
  4384 | D:4      | Killed FlatIsJustice's ghost
  4385 | D:4      | Reached skill level 1 in Short Blades
  4385 | D:4      | Reached XP level 8. HP: 40/42 MP: 19/21
  4447 | D:5      | Entered Level 5 of the Dungeon
  4456 | D:5      | Found an ancient bone altar of Kikubaaqudgha.
  4465 | D:5      | Noticed dohlik's ghost (novice TrBe)
  4469 | D:5      | Noticed Prince Ribbit
  4475 | D:5      | Killed Prince Ribbit
  4804 | D:5      | Found a transporter.
  4868 | D:5      | Noticed Eustachio
  4899 | D:5      | Found a transporter.
  4914 | D:5      | Killed Eustachio
  4915 | D:5      | Reached skill level 5 in Stealth
  4980 | D:5      | Found a hide-covered altar of Uskayaw.
  5281 | D:5      | Noticed Menkaure
  5287 | D:5      | Killed Menkaure
  5288 | D:5      | Reached skill level 1 in Hexes
  5408 | D:5      | Reached skill level 1 in Fighting
  5745 | D:6      | Found a burning altar of Makhleb.
  5798 | D:6      | Reached XP level 9. HP: 47/47 MP: 24/24
  5838 | D:6      | Learned a level 1 spell: Slow
  6719 | D:7      | Reached skill level 5 in Dodging
  6764 | D:7      | Found Kuazag's Weapon Boutique.
  6856 | D:7      | Found a sand-covered staircase.
  6863 | Ossuary  | Entered an ossuary
  7493 | D:7      | Reached skill level 10 in Conjurations
  7676 | D:7      | Reached skill level 1 in Long Blades
  7781 | D:7      | Reached skill level 10 in Spellcasting
  8216 | D:8      | Reached XP level 10. HP: 52/52 MP: 19/26
  8711 | D:8      | Found a basalt altar of Yredelemnul.
  9571 | D:9      | Noticed a two-headed ogre
  9584 | D:9      | Killed a two-headed ogre
  9688 | D:9      | Found a hazy altar of Hepliaklqana.
  9705 | D:9      | Noticed discopopstar's ghost (novice FeSu)
  9706 | D:9      | Found a transporter.
  9706 | D:9      | Noticed a two-headed ogre
  9707 | D:9      | Noticed a two-headed ogre
  9708 | D:9      | Found a transporter.
  9710 | D:9      | Identified the +9 giant club "Yppar" {elec, rN+}
  9710 | D:9      | Noticed a two-headed ogre
  9990 | D:9      | Paralysed by a hornet for 2 turns
 10159 | D:9      | Found Yvu Gaf's Neck Hole.
 10251 | D:9      | Reached skill level 1 in Translocations
 10456 | D:9      | Noticed a gargoyle
 10468 | D:9      | Killed a gargoyle
 10665 | D:10     | Entered Level 10 of the Dungeon
 10693 | D:10     | Found a flagged portal.
 10711 | Bailey   | Entered a bailey
 10736 | Bailey   | Noticed an orc warlord
 10778 | Bailey   | Found the +8 demon blade "Leech" {evervamp, Harm Drain rN+}
 10958 | Bailey   | Found a runed translucent gate.
 10959 | Bailey   | Found a runed translucent gate.
 10960 | Bailey   | Found a runed translucent gate.
 11088 | Bailey   | Slain by an orc warlord

Illustrated notes

Levels and vault maps discovered:
D:1:      erik_arrival_triangle_huge, layout_loops_corners,
          ebering_ecumenical_altar_sacrificial, serial_shops, shop
D:2:      minmay_wonky_spiral, layout_basic, chequers_serial_rivers_micro_c
D:3:      layout_loops_corners, hellmonk_okawaru_the_only_friend_you_need,
          serial_shops, shop, serial_co_window_serial, co_window_corner_a,
          co_window_paths_b, co_window_paths_a, co_window_paths_b,
          co_window_paths_a, co_window_corner_cb, co_window_of_opportunity_b,
          co_window_of_opportunity_b, co_window_4corner_b, co_window_sun,
          glass_columns_a, glass_columns_a, glass_columns_a,
          ebering_ghost_sewer_d
D:4:      layout_rooms, minmay_temple_entry_waves, gammafunk_ghost_split,
          minmay_fire_ice_demons
D:5:      layout_basic, tgw_kikubaaqudgha, nicolae_uskayaw_suspiria,
          gammafunk_ghost_arena, uniq_menkaure, uniq_eustachio,
          uniq_prince_ribbit1
D:6:      layout_loops_corners, mainiacjoe_overflow_small_starburst
D:7:      layout_loops_ring, serial_shops, shop, chequers_ossuary_entry_cave
D:8:      layout_layer_cave, mainiacjoe_overflow_surrounded_room,
          dreamdust_mushroom_princess
D:9:      layout_loops_ring, mainiacjoe_overflow_brackets,
          gammafunk_ghost_smash, nicolae_shop_sticking_my_neck_out
D:10:     layout_irregular_city, cheibrodos_worm_habitat,
          nicolae_overflow_two_pavilions, enter_bailey_3, chequers_garden
Temple:   nicolae_temple_ecumenical_triangle
Bailey:   bailey_axe_bossmonster_kennysheep, bailey

Skill      XL: |  1  2  3  4  5  6  7  8  9 10 |
---------------+-------------------------------+-----
Conjurations   | 5 6 7 8 10 11 | 11.1
Stealth        | 3 4 5 6 |  6.3
Spellcasting   | 4 5 6 7 9 10 11 | 11.5
Dodging        | 3 4 6 7 |  7.1
Armour         | 1 2 3 4 |  4.1
Short Blades   | 1 |  1.2
Hexes          | 1 2 |  2.4
Fighting       | 1 2 |  2.1
Long Blades    | 2 4 |  4.1
Translocations | 1 |  1.8
Fire Magic     | |  0.5
Evocations     | |  0.2

Action                     |  1- 3 |  4- 6 |  7- 9 | 10-12 || total
---------------------------+-------+-------+-------+-------++-------
  Melee: Dagger            |       |     1 |       |       ||     1
         Short sword       |       |     3 |       |       ||     3
         Scimitar          |       |       |    24 |       ||    24
   Cast: Magic Dart        |    51 |    31 |    62 |    35 ||   179
         Searing Ray       |     1 |    13 |    85 |    29 ||   128
         Inner Flame       |       |       |     2 |       ||     2
         Iskenderun's Myst |       |       |       |     3 ||     3
         Dazzling Flash    |       |       |       |     1 ||     1
  Evoke: Wand              |       |       |       |     1 ||     1
         Phantom mirror    |       |       |       |     1 ||     1
    Use: Scroll            |       |     2 |    12 |       ||    14
   Stab: Sleeping          |       |     1 |     3 |       ||     4
 Armour: Leather armour    |       |    13 |    39 |    10 ||    62
  Dodge: Dodged            |     5 |    18 |   186 |    69 ||   278

Table legend: (Time is in decaauts)
 A = Elapsed time spent in this place.
 B = Non-inter-level travel time spent in this place.
 C = Inter-level travel time spent in this place.
 D = Time resting spent in this place.
 E = Time spent auto-exploring this place.
 F = Levels seen in this place.
 G = Mean time per level.
                   A        B        C        D        E       F      G
               +--------+--------+--------+--------+--------+-----+--------+
         Total |  11116 |  10317 |    799 |    442 |   7591 |  13 |  855.1 |
       Dungeon |  10300 |   9501 |    799 |    317 |   7407 |  10 | 1030.0 |
        Temple |     12 |     12 |      0 |      0 |      0 |   1 |   12.0 |
       Ossuary |    419 |    419 |      0 |      3 |     96 |   1 |  419.0 |
        Bailey |    384 |    384 |      0 |    122 |     88 |   1 |  384.0 |
               +--------+--------+--------+--------+--------+-----+--------+

Top non-repeatable levels by time:
     D:8: 1388 daAuts
     D:3: 1338 daAuts
     D:5: 1194 daAuts
     D:9: 1147 daAuts
     D:1: 1080 daAuts
     D:7: 1054 daAuts
     D:2: 1031 daAuts
     D:6: 1027 daAuts
     D:4: 990 daAuts
 Ossuary: 419 daAuts
  Bailey: 384 daAuts
    D:10: 47 daAuts
  Temple: 12 daAuts
